 Dungeon Crawl Stone Soup version 0.29.1-13-g9f3cf754e1 (webtiles) character file.

Game seed: 15377407158893865059

92 nshep25 the Covered (level 4, -4/40 HPs)
             Began as a Minotaur Fighter on Jan 19, 2023.
             Killed by divine providence
             ... invoked by an orc priest
              (10 damage)
             ... on level 3 of the Dungeon.
             The game lasted 00:02:23 (1877 turns).

nshep25 the Covered (Minotaur Fighter)              Turns: 1877, Time: 00:02:24

Health: -4/40      AC:  7    Str: 23    XL:     4   Next: 35%
Magic:  3/3        EV:  9    Int:  5    God:
Gold:   135        SH:  4    Dex:  9    Spells: 3/3 levels left

rFire   . . .      SeeInvis .   a - +0 war axe
rCold   . . .      Faith    .   c - +0 buckler
rNeg    . . .      Spirit   .   b - +0 scale mail
rPois   .          Reflect  .   (helmet restricted)
rElec   .          Harm     .   (no cloak)
rCorr   .          Rampage  .   (no gloves)
Will    .....                   (no boots)
Stlth   ..........              (no amulet)
HPRegen 0.13/turn               (no ring)
MPRegen 0.08/turn               (no ring)

@: no status effects
A: horns 2, retaliatory headbutt
a: no special abilities


You were on level 3 of the Dungeon.
You visited 1 branch of the dungeon, and saw 3 of its levels.

You collected 135 gold pieces.

Inventory:

Hand Weapons
 a - a +0 war axe (weapon)
Missiles
 k - 6 curare-tipped darts (quivered)
Armour
 b - a +0 scale mail (worn)
 c - a +0 buckler (worn)
 n - a +1 ring mail of positive energy
Jewellery
 p - a ring of ice
Scrolls
 f - 3 scrolls of teleportation {unknown}
 g - a scroll of noise {unknown}
 h - 6 scrolls of identify {unknown}
 o - a scroll of brand weapon {unknown}
 q - a scroll of amnesia {unknown}
 r - a scroll of butterflies {unknown}
 s - a scroll of blinking {unknown}
 u - a scroll of acquirement {unknown}
Potions
 d - a potion of might
 e - 2 potions of flight {unknown}
 i - a potion of brilliance {unknown}
 j - a potion of haste {unknown}
 l - 2 potions of degeneration {unknown}
 m - a potion of attraction {unknown}
 t - a potion of cancellation {unknown}


   Skills:
 + Level 4.2 Fighting
 + Level 3.2 Axes
 + Level 4.5 Armour
 + Level 1.0 Dodging
 + Level 0.2 Stealth
 + Level 4.4 Shields


You had 3 spell levels left.
You didn't know any spells.
Your spell library contained the following spells:

 Spells                   Type           Power      Damage    Failure   Level
 Apportation              Tloc           0%         N/A       86%         1
 Sting                    Tmut/Pois      0%         1d3       86%         1
 Poisonous Vapours        Pois/Air       0%         N/A       95%         2
 Olgreb's Toxic Radiance  Pois           0%         N/A       100%        4
 Alistair's Intoxication  Tmut/Pois      0%         N/A       100%        5


Dungeon Overview and Level Annotations

Branches:
Dungeon (3/15)

Altars:


Innate Abilities, Weirdness & Mutations

You have a pair of horns on your head.
You reflexively headbutt those who attack you in melee.


Message History

You hit the adder. You headbutt the adder.
You kill the adder!
You completely miss the orc.
The orc hits you with a +2 short sword of speed. x2
Your Dodging skill increases to level 1!
You slash the orc!
You kill the orc!
You hit the orc.
The orc priest calls upon Beogh to heal the orc.
The orc's wounds heal themselves!
The orc closely misses you. You furiously retaliate!
You headbutt the orc!
You kill the orc!
You hit the orc priest.
The orc priest is lightly wounded.
You slash the orc!
You kill the orc!
The orc priest hits you but does no damage.
You hit the orc priest but do no damage.
The orc priest is lightly wounded.
The orc priest calls down the wrath of Beogh upon you.
Beogh smites you!
* * * LOW HITPOINT WARNING * * *
The orc priest hits you but does no damage.
You closely miss the orc priest.
You headbutt the orc priest, but do no damage.
The orc priest is lightly wounded.
The orc priest hits you but does no damage.
You closely miss the orc priest.
The orc priest is lightly wounded.
The orc priest hits you but does no damage.
You hit the orc priest but do no damage.
The orc priest is lightly wounded.
The orc priest hits you with a +0 club.
* * * LOW HITPOINT WARNING * * *
The orc priest hits you but does no damage.
You closely miss the orc priest.
The orc priest is lightly wounded.
The orc priest invokes the aid of Beogh against you.
Beogh smites you!
You die...

.. #..
.####.#
......
##....#
<....#
#...#
#.)o###
#@).# #.#.#
#.####.#.#
#......#.#
####.....##
#......##
#.......#
#######.#
#.#


You could see an orc priest.

Vanquished Creatures
  An orc priest (D:3)
  An adder (D:3)
  A worm (D:2)
  2 dart slugs
  4 orcs (D:3)
  A ball python (D:2)
  7 bats
  4 endoplasms
  3 giant cockroaches (D:1)
  6 goblins
  2 hobgoblins (D:2)
  3 kobolds
  2 quokkas
  A frilled lizard (D:1)
  3 rats
41 creatures vanquished.

Notes
Turn   | Place    | Note
-------+----------+-------------------------------------------
     0 | D:1      | nshep25 the Minotaur Fighter began the quest for the Orb.
     0 | D:1      | Reached XP level 1. HP: 19/19 MP: 0/0
   174 | D:1      | Reached XP level 2. HP: 27/27 MP: 1/1
   325 | D:1      | Found a faded altar of an unknown god.
  1092 | D:2      | Reached XP level 3. HP: 33/33 MP: 2/2
  1870 | D:3      | Reached XP level 4. HP: 29/40 MP: 3/3
  1871 | D:3      | Reached skill level 1 in Dodging
  1877 | D:3      | Killed from afar by an orc priest

Illustrated notes

Levels and vault maps discovered:
D:1:      wander_arrival_desolate, layout_loops_corners,
          chequers_ecumenical_altar_simple_redux
D:2:      layout_loops_corners
D:3:      layout_basic

Skill      XL: |  1  2  3  4 |
---------------+-------------+-----
Shields        | 4 |  4.4
Armour         | 4 |  4.5
Fighting       | 4 |  4.2
Axes           | 3 |  3.2
Dodging        | 1 |  1.0
Stealth        | |  0.2

Action                   |  1- 3 |  4- 6 || total
-------------------------+-------+-------++-------
Melee: War axe           |    68 |     8 ||    76
       Headbutt          |     8 |     2 ||    10
Armor: Scale mail        |    43 |     5 ||    48
Dodge: Dodged            |    39 |     1 ||    40
Block: Buckler           |    29 |       ||    29
